Devils vs Capitals

Created - May 7, 2023 at 23:21

Goals
1 2 3 OT1 SO T
Devils 0 1 1 0 1 3
Capitals 1 0 1 0 0 2
Shots
1 2 3 OT1 SO T
Devils 8 11 16 0 3 35
Capitals 19 11 6 0 3 36

1st period

1. Capitals , Phil Kessel 14 (Jujhar Khaira 24, Joe Colborne 11) at 16:04

Penalties :
No Penalty

2nd period

2. Devils , Marian Gaborik 19 (Thomas Hickey 10, Nazem Kadri 59) at 11:13 (PP)

Penalties :
Mike Green (Was) for High sticking (Minor) at 9:50, Jason Pominville (N.J) for Hooking (Minor) at 14:56, Anton Stralman (N.J) for Hooking (Minor) at 17:20

3rd period

3. Devils , Nazem Kadri 32 (Tyler Ennis 57, Marian Gaborik 34) at 9:35
4. Capitals , Bobby Ryan 17 (Cody Hodgson 35, Blake Pietila 22) at 19:19

Penalties :
Phil Kessel (Was) for Boarding (Minor) at 5:57

Overtime #1

No Goal

Penalties :
No Penalty

Shootout

Devils, Tyler Ennis - Stopped by Cory Schneider
Capitals, Cody Hodgson - Shot Misses the Net
Devils, Nazem Kadri - Goal!
Capitals, Taylor Hall - Stopped by Maxime Daigneault
Devils, Nick Palmieri - Stopped by Cory Schneider
Capitals, Patrick Kane - Shot Misses the Net

Penalties :
No Penalty

Goalie Stats

Maxime Daigneault (N.J), 34 saves from 36 shots - (0.944), W, 37-15-3, 65:00 minutes
Cory Schneider (Was), 33 saves from 35 shots - (0.943), OTL, 24-20-4, 64:50 minutes

Players Stats for Devils

Player Name              G  A  P  +/- PIM S  H  SB GA TA FO     MP     PP MP  PK MP  
------------------------------------------------------------------------------------
Aleksander Barkov        0  0  0   0  0   2  1  0  0  0  5/13   18:43   0:56   1:29 
Anton Lander             0  0  0  -1  0   0  1  0  0  0  3/7     9:06   0:00   1:55 
Anton Stralman           0  0  0  -1  2   1  2  0  0  1  0/0    24:19   0:00   0:44 
Brandon Carlo            0  0  0   0  0   0  1  0  0  2  0/0    21:32   0:00   1:51 
Brayden Point            0  0  0  -1  0   2  1  1  0  0  11/19  14:51   0:00   0:00 
Eric Tangradi            0  0  0  -1  0   2  1  0  0  0  0/0    16:28   0:00   2:06 
Jason Pominville         0  0  0  -1  2   2  1  0  0  1  1/1    15:22   0:00   0:40 
Jonathan Huberdeau       0  0  0   0  0   1  0  0  0  0  1/2    18:00   0:56   1:20 
Kristopher Letang        0  0  0  -1  0   1  2  2  1  2  0/0    25:57   2:01   1:01 
Logan Shaw               0  0  0  -1  0   4  0  0  0  1  0/0     7:07   0:00   0:00 
Marian Gaborik           1  1  2   1  0   4  2  1  0  1  1/2    19:45   2:26   0:00 
Matt Donovan             0  0  0   0  0   3  0  0  1  1  0/0    18:09   1:21   2:22 
Michael Del Zotto        0  0  0   0  0   0  2  0  1  0  0/0    25:00   2:01   1:58 
Nazem Kadri              1  1  2   1  0   5  1  1  0  1  8/23   21:56   2:26   0:10 
Nick Palmieri            0  0  0   0  0   3  1  0  1  1  0/1    15:33   0:56   0:00 
Sven Baertschi           0  0  0  -1  0   0  0  0  0  0  0/0     7:14   0:00   0:06 
Thomas Hickey            0  1  1   0  0   1  1  0  0  0  0/0    15:03   1:21   0:00 
Tyler Ennis              0  1  1   1  0   4  4  0  0  0  0/0    21:55   2:26   0:10 

Players Stats for Capitals

Player Name              G  A  P  +/- PIM S  H  SB GA TA FO     MP     PP MP  PK MP  
------------------------------------------------------------------------------------
Alexei Marchenko         0  0  0   0  0   2  0  2  0  1  0/0    25:03   1:50   2:43 
Blake Pietila            0  1  1   1  0   0  0  1  0  0  1/1    19:15   1:31   0:13 
Bobby Ryan               1  0  1   1  0   3  0  1  1  0  0/0    17:34   1:31   0:00 
Brandon Burlon           0  0  0   1  0   0  1  0  0  0  0/0    15:53   0:00   2:02 
Brandon Gormley          0  0  0   0  0   1  1  2  0  0  0/0    26:06   2:08   0:39 
Cody Hodgson             0  1  1   1  0   0  2  2  2  1  9/13   19:46   1:34   0:16 
Jared Spurgeon           0  0  0   1  0   1  1  0  0  0  0/0    13:51   0:00   0:00 
Jeff Skinner             0  0  0   0  0   2  2  0  1  0  0/0     9:59   0:22   0:00 
Joe Colborne             0  1  1   0  0   4  0  0  0  0  3/9    13:27   0:27   0:43 
Jujhar Khaira            0  1  1   0  0   3  1  0  3  0  0/0    12:33   0:00   0:43 
Mike Green               0  0  0   0  2   0  1  0  0  1  0/0    26:57   2:08   1:20 
Nicklas Backstrom        0  0  0   0  0   3  1  0  0  0  15/24  19:21   1:57   0:00 
Patrick Kane             0  0  0   0  0   6  5  0  1  0  3/5    22:31   2:05   2:26 
Phil Kessel              1  0  1   0  2   2  2  0  1  0  0/1    12:22   0:22   0:00 
Sergey Kalinin           0  0  0   0  0   0  0  0  0  0  6/14   11:04   0:00   2:23 
Shea Theodore            0  0  0   0  0   0  1  1  0  1  0/0    22:09   1:50   0:00 
Steve Downie             0  0  0   0  0   0  1  0  0  0  0/0     8:41   0:00   0:00 
Taylor Hall              0  0  0   0  0   9  1  1  2  0  1/1    20:04   2:05   0:00 

3 Stars

1 - Marian Gaborik (N.J)
2 - Nazem Kadri (N.J)
3 - Maxime Daigneault (N.J)

Power Play

Devils - 1 on 2 Attempt(s) - 50.00%
Capitals - 0 on 2 Attempt(s) - 0.00%

Penalty Kill

Devils - 2 on 2 Attempt(s) - 100.00% - Score 0 goal in Penalty Kill
Capitals - 1 on 2 Attempt(s) - 50.00% - Score 0 goal in Penalty Kill

Team Stat

Devils - Hits : 21 - Faceoff Wins : 30 - Blocked Shots : 5 - Penalty Minutes : 4
Capitals - Hits : 20 - Faceoff Wins : 38 - Blocked Shots : 10 - Penalty Minutes : 4

Official

Referees : Mitch Dunning and Kevin Pollock
Linesman : Travis Gawryletz and Michel Cormier

Game Notes

No Game Note

Finance

Level 1 -- Attendance: 6000 (100.00%) -- Ticket Income $600,000
Level 2 -- Attendance: 4859 (97.18%) -- Ticket Income $291,540
Level 3 -- Attendance: 1981 (99.05%) -- Ticket Income $69,335
Level 4 -- Attendance: 4000 (100.00%) -- Ticket Income $100,000
Luxury Box -- Attendance: 960 (96.00%) -- Ticket Income $192,000
Game was played at the Capital One Arena.
Total Attendance: 17800 (98.89%)
Total Ticket Income: $1,252,875
Other Income: $187,931
Total Income: $1,440,806

Devils

5 vs 5 Forward 
   Center                   Left Wing                Right Wing               Time % Phy DF OF 
 1 Nazem Kadri              Tyler Ennis              Marian Gaborik           34     0   2  3  
 2 Aleksander Barkov        Jonathan Huberdeau       Nick Palmieri            30     0   2  3  
 3 Brayden Point            Eric Tangradi            Jason Pominville         26     0   2  3  
 4 Anton Lander             Sven Baertschi           Logan Shaw               10     0   3  2  

5 vs 5 Defense 
   Defense                  Defense                                           Time % Phy DF OF 
 1 Kristopher Letang        Anton Stralman                                    38     0   3  2  
 2 Michael Del Zotto        Brandon Carlo                                     36     0   3  2  
 3 Matt Donovan             Thomas Hickey                                     26     0   3  2  
 4 Kristopher Letang        Anton Stralman                                    0      0   3  2  

PowerPlay Forward 
   Center                   Left Wing                Right Wing               Time % Phy DF OF 
 1 Nazem Kadri              Tyler Ennis              Marian Gaborik           60     0   1  4  
 2 Aleksander Barkov        Jonathan Huberdeau       Nick Palmieri            40     0   1  4  

PowerPlay Defense
   Defense                  Defense                                           Time % Phy DF OF 
 1 Kristopher Letang        Michael Del Zotto                                 60     0   2  3  
 2 Matt Donovan             Thomas Hickey                                     40     0   2  3  

Penalty Kill 4 Players Forward 
   Center                   Wing                     Time % Phy DF OF 
 1 Anton Lander             Eric Tangradi            65     1   3  1  
 2 Nazem Kadri              Tyler Ennis              35     1   3  1  

Penalty Kill 4 Players Defense
   Defense                  Defense                  Time % Phy DF OF 
 1 Anton Stralman           Brandon Carlo            60     1   4  0  
 2 Michael Del Zotto        Matt Donovan             40     1   4  0  

Penalty Kill - 3 Players Forward 
   Forward                                           Time % Phy DF OF 
 1 Nazem Kadri                                       60     1   3  1  
 2 Aleksander Barkov                                 40     1   3  1  

Penalty Kill - 3 Players Defense
   Defense                  Defense                  Time % Phy DF OF 
 1 Kristopher Letang        Michael Del Zotto        60     1   4  0  
 2 Anton Stralman           Matt Donovan             40     1   4  0  

4 vs 4 Forward 
   Center                   Wing                     Time % Phy DF OF 
 1 Nazem Kadri              Tyler Ennis              60     0   2  3  
 2 Aleksander Barkov        Jonathan Huberdeau       40     0   2  3  

4 vs 4 Defense
   Defense                  Defense                  Time % Phy DF OF 
 1 Kristopher Letang        Anton Stralman           60     0   3  2  
 2 Michael Del Zotto        Matt Donovan             40     0   3  2  

Last Minutes Offensive
   Center                   Left Wing                Right Wing               Defense                  Defense                  
   Nazem Kadri              Tyler Ennis              Nick Palmieri            Kristopher Letang        Michael Del Zotto        

Last Minutes Defensive
   Center                   Left Wing                Right Wing               Defense                  Defense                  
   Anton Lander             Tyler Ennis              Nick Palmieri            Brandon Carlo            Anton Stralman           

Goaltenders
Starting : Maxime Daigneault        
Backup : Tyler Weiman             

Extra Forwards
Normal : Brayden Point, Jason Pominville, Aleksander Barkov - PP : Brayden Point, Jason Pominville - PK : Jason Pominville
Extra Defensemen
Normal : Matt Donovan, Brandon Carlo, Thomas Hickey - PP : Thomas Hickey - PK : Matt Donovan, Brandon Carlo
Penalty Shots
Tyler Ennis, Nazem Kadri, Nick Palmieri, Aleksander Barkov, Brayden Point

Scratches
None

Capitals

5 vs 5 Forward 
   Center                   Left Wing                Right Wing               Time % Phy DF OF 
 1 Nicklas Backstrom        Taylor Hall              Patrick Kane             35     0   0  5  
 2 Cody Hodgson             Blake Pietila            Bobby Ryan               30     0   0  5  
 3 Joe Colborne             Jujhar Khaira            Phil Kessel              20     0   1  4  
 4 Sergey Kalinin           Jeff Skinner             Steve Downie             15     0   2  3  

5 vs 5 Defense 
   Defense                  Defense                                           Time % Phy DF OF 
 1 Brandon Gormley          Mike Green                                        40     0   2  3  
 2 Alexei Marchenko         Shea Theodore                                     30     0   3  2  
 3 Brandon Burlon           Jared Spurgeon                                    20     0   3  2  
 4 Brandon Gormley          Mike Green                                        10     0   2  3  

PowerPlay Forward 
   Center                   Left Wing                Right Wing               Time % Phy DF OF 
 1 Nicklas Backstrom        Taylor Hall              Patrick Kane             60     0   0  5  
 2 Cody Hodgson             Blake Pietila            Bobby Ryan               40     0   0  5  

PowerPlay Defense
   Defense                  Defense                                           Time % Phy DF OF 
 1 Brandon Gormley          Mike Green                                        60     0   1  4  
 2 Alexei Marchenko         Shea Theodore                                     40     0   2  3  

Penalty Kill 4 Players Forward 
   Center                   Wing                     Time % Phy DF OF 
 1 Sergey Kalinin           Patrick Kane             60     0   4  1  
 2 Joe Colborne             Jujhar Khaira            40     0   4  1  

Penalty Kill 4 Players Defense
   Defense                  Defense                  Time % Phy DF OF 
 1 Alexei Marchenko         Mike Green               60     0   4  1  
 2 Brandon Gormley          Brandon Burlon           40     0   4  1  

Penalty Kill - 3 Players Forward 
   Forward                                           Time % Phy DF OF 
 1 Patrick Kane                                      60     0   5  0  
 2 Sergey Kalinin                                    40     0   5  0  

Penalty Kill - 3 Players Defense
   Defense                  Defense                  Time % Phy DF OF 
 1 Alexei Marchenko         Mike Green               60     0   5  0  
 2 Brandon Burlon           Brandon Gormley          40     0   5  0  

4 vs 4 Forward 
   Center                   Wing                     Time % Phy DF OF 
 1 Patrick Kane             Taylor Hall              60     0   0  5  
 2 Nicklas Backstrom        Cody Hodgson             40     0   0  5  

4 vs 4 Defense
   Defense                  Defense                  Time % Phy DF OF 
 1 Brandon Gormley          Mike Green               60     0   2  3  
 2 Alexei Marchenko         Shea Theodore            40     0   2  3  

Last Minutes Offensive
   Center                   Left Wing                Right Wing               Defense                  Defense                  
   Nicklas Backstrom        Taylor Hall              Patrick Kane             Brandon Gormley          Mike Green               

Last Minutes Defensive
   Center                   Left Wing                Right Wing               Defense                  Defense                  
   Sergey Kalinin           Blake Pietila            Patrick Kane             Mike Green               Alexei Marchenko         

Goaltenders
Starting : Cory Schneider           
Backup : Chet Pickard             

Extra Forwards
Normal : Patrick Kane, Taylor Hall, Nicklas Backstrom - PP : Taylor Hall, Patrick Kane - PK : Patrick Kane
Extra Defensemen
Normal : Brandon Gormley, Mike Green, Alexei Marchenko - PP : Mike Green - PK : Alexei Marchenko, Mike Green
Penalty Shots
Cody Hodgson, Taylor Hall, Patrick Kane, Phil Kessel, Bobby Ryan

Scratches
None


% Time on Ice - Devils

Lines # - Real PCT - Wanted PCT - Time Play
Normal Forward
1 - 33% - 34% - 17:24
2 - 28% - 30% - 14:37
3 - 26% - 26% - 13:32
4 - 14% - 10% - 7:07
Normal Defense
1 - 39% - 38% - 20:25
2 - 36% - 36% - 18:54
3 - 25% - 26% - 12:59
4 - 1% - 0% - 0:22
PP Forward
1 - 72% - 60% - 2:26
2 - 28% - 40% - 0:56
PP Defense
1 - 60% - 60% - 2:01
2 - 40% - 40% - 1:21
PK Forward
1 - 96% - 65% - 3:48
2 - 4% - 35% - 0:10
PK Defense
1 - 57% - 60% - 2:16
2 - 43% - 40% - 1:42
PK3 Forward
1 - 0% - 60%
2 - 0% - 40%
PK3 Defense
1 - 0% - 60%
2 - 0% - 40%
44 Forward
1 - 79% - 60% - 3:57
2 - 21% - 40% - 1:03
44 Defense
1 - 58% - 60% - 2:55
2 - 42% - 40% - 2:05
Last Minute Offensive  - 0:00
Last Minute Defensive  - 0:00
Total
Forward - 65:00
Defense - 65:00

% Time on Ice - Capitals

Lines # - Real PCT - Wanted PCT - Time Play
Normal Forward
1 - 31% - 35% - 16:06
2 - 30% - 30% - 16:03
3 - 22% - 20% - 11:50
4 - 16% - 15% - 8:41
Normal Defense
1 - 37% - 40% - 19:15
2 - 34% - 30% - 18:01
3 - 25% - 20% - 13:12
4 - 4% - 10% - 2:12
PP Forward
1 - 62% - 60% - 2:27
2 - 38% - 40% - 1:31
PP Defense
1 - 54% - 60% - 2:08
2 - 46% - 40% - 1:50
PK Forward
1 - 79% - 60% - 2:39
2 - 21% - 40% - 0:43
PK Defense
1 - 81% - 60% - 2:43
2 - 19% - 40% - 0:39
PK3 Forward
1 - 0% - 60%
2 - 0% - 40%
PK3 Defense
1 - 0% - 60%
2 - 0% - 40%
44 Forward
1 - 86% - 60% - 4:17
2 - 14% - 40% - 0:43
44 Defense
1 - 41% - 60% - 2:03
2 - 59% - 40% - 2:57
Last Minute Offensive  - 0:00
Last Minute Defensive  - 0:00
Total
Forward - 65:00
Defense - 65:00

Play-by-Play

1st period


0:01 of 1st period - Nazem Kadri wins face-off versus Nicklas Backstrom in neutral zone.
0:20 of 1st period - Marian Gaborik is hit by Patrick Kane and loses puck.
0:45 of 1st period - Anton Stralman is hit by Cody Hodgson and loses puck.
1:42 of 1st period - Snap shot by Taylor Hall.
1:42 of 1st period - Shot Misses the Net.
1:44 of 1st period - Snap shot by Nicklas Backstrom.
1:44 of 1st period - Stopped by Maxime Daigneault without a rebound.
1:45 of 1st period - Cody Hodgson wins face-off versus Brayden Point in Devils zone.
2:21 of 1st period - Wrist shot by Patrick Kane.
2:21 of 1st period - Stopped by Maxime Daigneault with a rebound.
2:34 of 1st period - Wrist shot by Patrick Kane.
2:34 of 1st period - Stopped by Maxime Daigneault with a rebound.
2:36 of 1st period - Slapshot by Jared Spurgeon.
2:36 of 1st period - Shot Blocked by Nazem Kadri.
2:38 of 1st period - Slapshot by Brandon Burlon.
2:38 of 1st period - Deflect By Patrick Kane.
2:38 of 1st period - Stopped by Maxime Daigneault with a rebound.
2:40 of 1st period - Slapshot by Jared Spurgeon.
2:40 of 1st period - Stopped by Maxime Daigneault with a rebound.
2:48 of 1st period - Snap shot by Taylor Hall.
2:48 of 1st period - Stopped by Maxime Daigneault with a rebound.
3:24 of 1st period - Backhand shot by Eric Tangradi.
3:24 of 1st period - Shot Blocked by Shea Theodore.
3:33 of 1st period - Off-side.
3:34 of 1st period - Aleksander Barkov wins face-off versus Sergey Kalinin in neutral zone.
3:59 of 1st period - Matt Donovan is hit by Jujhar Khaira.
4:05 of 1st period - Wrist shot by Jonathan Huberdeau.
4:05 of 1st period - Shot Misses the Net.
4:07 of 1st period - Snap shot by Jonathan Huberdeau.
4:07 of 1st period - Shot Misses the Net.
4:44 of 1st period - Snap shot by Aleksander Barkov.
4:44 of 1st period - Shot Misses the Net.
4:58 of 1st period - Snap shot by Aleksander Barkov.
4:58 of 1st period - Stopped by Cory Schneider without a rebound.
4:59 of 1st period - Cody Hodgson wins face-off versus Nazem Kadri in Capitals zone.
5:04 of 1st period - Wrist shot by Cody Hodgson.
5:04 of 1st period - Shot Misses the Net.
5:32 of 1st period - Snap shot by Brayden Point.
5:32 of 1st period - Shot Misses the Net.
5:38 of 1st period - Wrist shot by Jason Pominville.
5:38 of 1st period - Stopped by Cory Schneider without a rebound.
5:39 of 1st period - Cody Hodgson wins face-off versus Anton Lander in Capitals zone.
5:39 of 1st period - Cody Hodgson is hit by Anton Lander.
5:47 of 1st period - Wrist shot by Logan Shaw.
5:47 of 1st period - Stopped by Cory Schneider with a rebound.
5:49 of 1st period - Snap shot by Sven Baertschi.
5:49 of 1st period - Shot Blocked by Alexei Marchenko.
6:05 of 1st period - Marian Gaborik is hit by Patrick Kane and loses puck.
6:10 of 1st period - Snap shot by Patrick Kane.
6:10 of 1st period - Stopped by Maxime Daigneault without a rebound.
6:11 of 1st period - Sergey Kalinin wins face-off versus Nazem Kadri in Devils zone.
6:44 of 1st period - Snap shot by Patrick Kane.
6:44 of 1st period - Stopped by Maxime Daigneault without a rebound.
6:45 of 1st period - Cody Hodgson wins face-off versus Brayden Point in Devils zone.
6:56 of 1st period - Cody Hodgson is hit by Jason Pominville and loses puck.
7:11 of 1st period - Michael Del Zotto is hit by Patrick Kane and loses puck.
7:47 of 1st period - Snap shot by Phil Kessel.
7:47 of 1st period - Shot Misses the Net.
7:56 of 1st period - Michael Del Zotto is hit by Brandon Burlon and loses puck.
8:13 of 1st period - Icing by Kristopher Letang.
8:14 of 1st period - Cody Hodgson wins face-off versus Brayden Point in Devils zone.
8:27 of 1st period - Snap shot by Jason Pominville.
8:27 of 1st period - Stopped by Cory Schneider without a rebound.
8:28 of 1st period - Aleksander Barkov wins face-off versus Nicklas Backstrom in Capitals zone.
8:29 of 1st period - Snap shot by Jonathan Huberdeau.
8:29 of 1st period - Shot Blocked by Taylor Hall.
10:24 of 1st period - Backhand shot by Jason Pominville.
10:24 of 1st period - Shot Blocked by Blake Pietila.
10:26 of 1st period - Slapshot by Eric Tangradi.
10:26 of 1st period - Shot Misses the Net.
10:28 of 1st period - Slapshot by Anton Stralman.
10:28 of 1st period - Shot Misses the Net.
10:30 of 1st period - Snap shot by Eric Tangradi.
10:30 of 1st period - Shot Misses the Net.
11:22 of 1st period - Icing by Brandon Carlo.
11:23 of 1st period - Anton Lander wins face-off versus Nicklas Backstrom in Devils zone.
11:53 of 1st period - Snap shot by Bobby Ryan.
11:53 of 1st period - Stopped by Maxime Daigneault without a rebound.
11:54 of 1st period - Cody Hodgson wins face-off versus Nazem Kadri in Devils zone.
12:13 of 1st period - Wrist shot by Bobby Ryan.
12:13 of 1st period - Stopped by Maxime Daigneault with a rebound.
12:50 of 1st period - Cody Hodgson is hit by Marian Gaborik and loses puck.
13:07 of 1st period - Snap shot by Tyler Ennis.
13:07 of 1st period - Shot Hit the Post.
13:09 of 1st period - Wrist shot by Nazem Kadri.
13:09 of 1st period - Shot Blocked by Bobby Ryan.
13:11 of 1st period - Wrist shot by Nazem Kadri.
13:11 of 1st period - Deflect By Tyler Ennis.
13:11 of 1st period - Stopped by Cory Schneider with a rebound.
13:13 of 1st period - Backhand shot by Anton Stralman.
13:13 of 1st period - Shot Misses the Net.
13:15 of 1st period - Wrist shot by Tyler Ennis.
13:15 of 1st period - Shot Blocked by Brandon Gormley.
13:17 of 1st period - Wrist shot by Tyler Ennis.
13:17 of 1st period - Shot Misses the Net.
13:19 of 1st period - Snap shot by Tyler Ennis.
13:19 of 1st period - Shot Misses the Net.
13:21 of 1st period - Wrist shot by Anton Stralman.
13:21 of 1st period - Shot Misses the Net.
13:23 of 1st period - Slapshot by Tyler Ennis.
13:23 of 1st period - Stopped by Cory Schneider with a rebound.
13:25 of 1st period - Backhand shot by Nazem Kadri.
13:25 of 1st period - Stopped by Cory Schneider without a rebound.
13:26 of 1st period - Nicklas Backstrom wins face-off versus Aleksander Barkov in Capitals zone.
13:26 of 1st period - Nicklas Backstrom is hit by Nick Palmieri.
13:58 of 1st period - Snap shot by Jeff Skinner.
13:58 of 1st period - Stopped by Maxime Daigneault without a rebound.
13:59 of 1st period - Brayden Point wins face-off versus Sergey Kalinin in Devils zone.
14:04 of 1st period - Steve Downie is hit by Eric Tangradi and loses puck.
14:08 of 1st period - Icing by Steve Downie.
14:09 of 1st period - Aleksander Barkov wins face-off versus Sergey Kalinin in Capitals zone.
14:10 of 1st period - Wrist shot by Jonathan Huberdeau.
14:10 of 1st period - Stopped by Cory Schneider with a rebound.
14:44 of 1st period - Snap shot by Taylor Hall.
14:44 of 1st period - Stopped by Maxime Daigneault with a rebound.
15:02 of 1st period - Slapshot by Joe Colborne.
15:02 of 1st period - Stopped by Maxime Daigneault with a rebound.
16:02 of 1st period - Wrist shot by Jujhar Khaira.
16:02 of 1st period - Stopped by Maxime Daigneault with a rebound.
16:04 of 1st period - Snap shot by Phil Kessel.
16:04 of 1st period - Goal by Phil Kessel - Devils : 0 - Capitals : 1.
16:05 of 1st period - Nicklas Backstrom wins face-off versus Aleksander Barkov in neutral zone.
16:16 of 1st period - Slapshot by Taylor Hall.
16:16 of 1st period - Stopped by Maxime Daigneault without a rebound.
16:17 of 1st period - Aleksander Barkov wins face-off versus Patrick Kane in Devils zone.
16:44 of 1st period - Mike Green is hit by Brayden Point.
18:01 of 1st period - Snap shot by Taylor Hall.
18:01 of 1st period - Stopped by Maxime Daigneault with a rebound.
18:03 of 1st period - Slapshot by Alexei Marchenko.
18:03 of 1st period - Shot Misses the Net.
18:26 of 1st period - Snap shot by Eric Tangradi.
18:26 of 1st period - Shot Blocked by Alexei Marchenko.
18:32 of 1st period - Jason Pominville is hit by Phil Kessel and loses puck.
18:45 of 1st period - Wrist shot by Jujhar Khaira.
18:45 of 1st period - Stopped by Maxime Daigneault without a rebound.
18:46 of 1st period - Patrick Kane wins face-off versus Aleksander Barkov in Devils zone.
18:47 of 1st period - Slapshot by Taylor Hall.
18:47 of 1st period - Stopped by Maxime Daigneault with a rebound.
Goals for this period are 0 for Devils vs 1 for Capitals.
Shots for this period are 8 for Devils vs 19 for Capitals.

2nd period


0:01 of 2nd period - Nazem Kadri wins face-off versus Patrick Kane in neutral zone.
0:04 of 2nd period - Patrick Kane is hit by Tyler Ennis.
0:26 of 2nd period - Brandon Gormley is hit by Michael Del Zotto and loses puck.
1:18 of 2nd period - Snap shot by Kristopher Letang.
1:18 of 2nd period - Shot Blocked by Brandon Gormley.
1:36 of 2nd period - Snap shot by Taylor Hall.
1:36 of 2nd period - Shot Blocked by Kristopher Letang.
1:38 of 2nd period - Slapshot by Jared Spurgeon.
1:38 of 2nd period - Shot Misses the Net.
2:13 of 2nd period - Wrist shot by Jonathan Huberdeau.
2:13 of 2nd period - Shot Misses the Net.
2:15 of 2nd period - Slapshot by Thomas Hickey.
2:15 of 2nd period - Deflect By Nick Palmieri.
2:15 of 2nd period - Stopped by Cory Schneider with a rebound.
2:17 of 2nd period - Snap shot by Brandon Carlo.
2:17 of 2nd period - Shot Blocked by Cody Hodgson.
2:29 of 2nd period - Wrist shot by Blake Pietila.
2:29 of 2nd period - Shot Misses the Net.
2:45 of 2nd period - Wrist shot by Nick Palmieri.
2:45 of 2nd period - Shot Misses the Net.
2:47 of 2nd period - Slapshot by Matt Donovan.
2:47 of 2nd period - Stopped by Cory Schneider without a rebound.
2:48 of 2nd period - Taylor Hall wins face-off versus Nazem Kadri in Capitals zone.
2:57 of 2nd period - Wrist shot by Alexei Marchenko.
2:57 of 2nd period - Stopped by Maxime Daigneault with a rebound.
2:59 of 2nd period - Slapshot by Alexei Marchenko.
2:59 of 2nd period - Shot Blocked by Marian Gaborik.
3:01 of 2nd period - Wrist shot by Taylor Hall.
3:01 of 2nd period - Stopped by Maxime Daigneault with a rebound.
3:19 of 2nd period - Snap shot by Jason Pominville.
3:19 of 2nd period - Deflect By Brayden Point.
3:19 of 2nd period - Stopped by Cory Schneider without a rebound.
3:20 of 2nd period - Brayden Point wins face-off versus Joe Colborne in Capitals zone.
3:27 of 2nd period - Slapshot by Jason Pominville.
3:27 of 2nd period - Deflect By Eric Tangradi.
3:27 of 2nd period - Shot Misses the Net.
3:27 of 2nd period - Puck is out of play.
3:28 of 2nd period - Joe Colborne wins face-off versus Nazem Kadri in Capitals zone.
3:44 of 2nd period - Wrist shot by Joe Colborne.
3:44 of 2nd period - Stopped by Maxime Daigneault with a rebound.
4:04 of 2nd period - Slapshot by Joe Colborne.
4:04 of 2nd period - Shot Misses the Net.
4:26 of 2nd period - Wrist shot by Joe Colborne.
4:26 of 2nd period - Stopped by Maxime Daigneault without a rebound.
4:27 of 2nd period - Brayden Point wins face-off versus Nicklas Backstrom in Devils zone.
5:15 of 2nd period - Wrist shot by Jeff Skinner.
5:15 of 2nd period - Stopped by Maxime Daigneault with a rebound.
5:55 of 2nd period - Mike Green is hit by Anton Stralman and loses puck.
6:18 of 2nd period - Off-side.
6:19 of 2nd period - Brayden Point wins face-off versus Phil Kessel in neutral zone.
6:34 of 2nd period - Wrist shot by Joe Colborne.
6:34 of 2nd period - Stopped by Maxime Daigneault without a rebound.
6:35 of 2nd period - Nicklas Backstrom wins face-off versus Nazem Kadri in Devils zone.
7:14 of 2nd period - Tyler Ennis is hit by Jeff Skinner and loses puck.
7:53 of 2nd period - Shea Theodore is hit by Thomas Hickey.
8:10 of 2nd period - Off-side.
8:11 of 2nd period - Nicklas Backstrom wins face-off versus Anton Lander in neutral zone.
8:36 of 2nd period - Brandon Gormley is hit by Kristopher Letang.
8:54 of 2nd period - Slapshot by Anton Stralman.
8:54 of 2nd period - Deflect By Logan Shaw.
8:54 of 2nd period - Stopped by Cory Schneider without a rebound.
8:55 of 2nd period - Nazem Kadri wins face-off versus Cody Hodgson in Capitals zone.
8:58 of 2nd period - Wrist shot by Nazem Kadri.
8:58 of 2nd period - Stopped by Cory Schneider without a rebound.
8:59 of 2nd period - Nazem Kadri wins face-off versus Cody Hodgson in Capitals zone.
9:12 of 2nd period - Snap shot by Thomas Hickey.
9:12 of 2nd period - Stopped by Cory Schneider without a rebound.
9:13 of 2nd period - Brayden Point wins face-off versus Nicklas Backstrom in Capitals zone.
9:18 of 2nd period - Wrist shot by Eric Tangradi.
9:18 of 2nd period - Stopped by Cory Schneider with a rebound.
9:40 of 2nd period - Bobby Ryan is hit by Tyler Ennis and loses puck.
9:50 of 2nd period - Minor Penalty to Mike Green for High sticking.
9:51 of 2nd period - Sergey Kalinin wins face-off versus Nazem Kadri in Capitals zone.
10:24 of 2nd period - Icing by Matt Donovan.
10:25 of 2nd period - Sergey Kalinin wins face-off versus Aleksander Barkov in Devils zone.
10:53 of 2nd period - Icing by Nazem Kadri.
10:54 of 2nd period - Joe Colborne wins face-off versus Marian Gaborik in Devils zone.
11:09 of 2nd period - Backhand shot by Nazem Kadri.
11:09 of 2nd period - Shot Misses the Net.
11:11 of 2nd period - Snap shot by Thomas Hickey.
11:11 of 2nd period - Shot Misses the Net.
11:13 of 2nd period - Wrist shot by Marian Gaborik.
11:13 of 2nd period - Goal by Marian Gaborik - Devils : 1 - Capitals : 1.
11:14 of 2nd period - Nicklas Backstrom wins face-off versus Aleksander Barkov in neutral zone.
11:32 of 2nd period - Icing by Brandon Gormley.
11:33 of 2nd period - Nicklas Backstrom wins face-off versus Nazem Kadri in Capitals zone.
11:46 of 2nd period - Snap shot by Tyler Ennis.
11:46 of 2nd period - Shot Misses the Net.
11:48 of 2nd period - Wrist shot by Marian Gaborik.
11:48 of 2nd period - Stopped by Cory Schneider with a rebound.
11:50 of 2nd period - Snap shot by Nazem Kadri.
11:50 of 2nd period - Shot Misses the Net.
12:01 of 2nd period - Off-side.
12:02 of 2nd period - Brayden Point wins face-off versus Cody Hodgson in neutral zone.
12:29 of 2nd period - Snap shot by Jonathan Huberdeau.
12:29 of 2nd period - Shot Misses the Net.
12:31 of 2nd period - Wrist shot by Nick Palmieri.
12:31 of 2nd period - Stopped by Cory Schneider without a rebound.
12:32 of 2nd period - Marian Gaborik wins face-off versus Nicklas Backstrom in Capitals zone.
12:41 of 2nd period - Snap shot by Nazem Kadri.
12:41 of 2nd period - Stopped by Cory Schneider without a rebound.
12:42 of 2nd period - Nicklas Backstrom wins face-off versus Nazem Kadri in Capitals zone.
13:11 of 2nd period - Snap shot by Nicklas Backstrom.
13:11 of 2nd period - Stopped by Maxime Daigneault with a rebound.
13:13 of 2nd period - Slapshot by Mike Green.
13:13 of 2nd period - Deflect By Taylor Hall.
13:13 of 2nd period - Shot Misses the Net.
13:13 of 2nd period - Puck is out of play.
13:14 of 2nd period - Cody Hodgson wins face-off versus Jonathan Huberdeau in Devils zone.
13:17 of 2nd period - Wrist shot by Blake Pietila.
13:17 of 2nd period - Shot Blocked by Kristopher Letang.
13:41 of 2nd period - Brandon Burlon is hit by Anton Stralman and loses puck.
14:51 of 2nd period - Snap shot by Taylor Hall.
14:51 of 2nd period - Stopped by Maxime Daigneault without a rebound.
14:52 of 2nd period - Nicklas Backstrom wins face-off versus Brayden Point in Devils zone.
14:56 of 2nd period - Minor Penalty to Jason Pominville for Hooking.
14:57 of 2nd period - Anton Lander wins face-off versus Nicklas Backstrom in Devils zone.
14:57 of 2nd period - Anton Lander is hit by Patrick Kane.
15:10 of 2nd period - Wrist shot by Nicklas Backstrom.
15:10 of 2nd period - Stopped by Maxime Daigneault with a rebound.
15:12 of 2nd period - Snap shot by Brandon Gormley.
15:12 of 2nd period - Stopped by Maxime Daigneault with a rebound.
15:14 of 2nd period - Wrist shot by Mike Green.
15:14 of 2nd period - Shot Misses the Net.
16:00 of 2nd period - Eric Tangradi is hit by Cody Hodgson and loses puck.
16:17 of 2nd period - Matt Donovan is hit by Brandon Gormley and loses puck.
16:28 of 2nd period - Aleksander Barkov is hit by Phil Kessel and loses puck.
16:56 of 2nd period - Penalty to Jason Pominville is over, Jason Pominville is back on ice.
17:04 of 2nd period - Icing by Tyler Ennis.
17:05 of 2nd period - Sergey Kalinin wins face-off versus Nazem Kadri in Devils zone.
17:18 of 2nd period - Wrist shot by Sergey Kalinin.
17:18 of 2nd period - Shot Misses the Net.
17:20 of 2nd period - Minor Penalty to Anton Stralman for Hooking.
17:21 of 2nd period - Nicklas Backstrom wins face-off versus Anton Lander in Devils zone.
17:26 of 2nd period - Wrist shot by Taylor Hall.
17:26 of 2nd period - Stopped by Maxime Daigneault with a rebound.
19:20 of 2nd period - Penalty to Anton Stralman is over, Anton Stralman is back on ice.
Goals for this period are 1 for Devils vs 0 for Capitals.
Shots for this period are 11 for Devils vs 11 for Capitals.

3rd period


0:01 of 3rd period - Nicklas Backstrom wins face-off versus Aleksander Barkov in neutral zone.
0:13 of 3rd period - Brandon Gormley is hit by Aleksander Barkov and loses puck.
0:51 of 3rd period - Wrist shot by Tyler Ennis.
0:51 of 3rd period - Deflect By Marian Gaborik.
0:51 of 3rd period - Stopped by Cory Schneider with a rebound.
1:07 of 3rd period - Logan Shaw is hit by Taylor Hall and loses puck.
1:30 of 3rd period - Jared Spurgeon is hit by Michael Del Zotto and loses puck.
1:48 of 3rd period - Snap shot by Michael Del Zotto.
1:48 of 3rd period - Deflect By Jason Pominville.
1:48 of 3rd period - Shot Blocked by Cody Hodgson.
1:48 of 3rd period - Puck is out of play.
1:49 of 3rd period - Brayden Point wins face-off versus Cody Hodgson in Capitals zone.
1:54 of 3rd period - Slapshot by Eric Tangradi.
1:54 of 3rd period - Deflect By Brayden Point.
1:54 of 3rd period - Stopped by Cory Schneider with a rebound.
3:10 of 3rd period - Wrist shot by Jonathan Huberdeau.
3:10 of 3rd period - Shot Misses the Net.
3:12 of 3rd period - Slapshot by Kristopher Letang.
3:12 of 3rd period - Stopped by Cory Schneider with a rebound.
3:23 of 3rd period - Snap shot by Kristopher Letang.
3:23 of 3rd period - Shot Misses the Net.
3:29 of 3rd period - Wrist shot by Nick Palmieri.
3:29 of 3rd period - Stopped by Cory Schneider without a rebound.
3:30 of 3rd period - Nicklas Backstrom wins face-off versus Nazem Kadri in Capitals zone.
4:05 of 3rd period - Brandon Carlo is hit by Mike Green and loses puck.
4:43 of 3rd period - Snap shot by Thomas Hickey.
4:43 of 3rd period - Shot Misses the Net.
4:45 of 3rd period - Snap shot by Nazem Kadri.
4:45 of 3rd period - Stopped by Cory Schneider with a rebound.
5:33 of 3rd period - Wrist shot by Phil Kessel.
5:33 of 3rd period - Stopped by Maxime Daigneault without a rebound.
5:34 of 3rd period - Brayden Point wins face-off versus Joe Colborne in Devils zone.
5:34 of 3rd period - Brayden Point is hit by Jared Spurgeon.
5:57 of 3rd period - Minor Penalty to Phil Kessel for Boarding.
5:58 of 3rd period - Sergey Kalinin wins face-off versus Nazem Kadri in Capitals zone.
6:13 of 3rd period - Slapshot by Tyler Ennis.
6:13 of 3rd period - Stopped by Cory Schneider without a rebound.
6:14 of 3rd period - Nazem Kadri wins face-off versus Sergey Kalinin in Capitals zone.
6:17 of 3rd period - Snap shot by Marian Gaborik.
6:17 of 3rd period - Stopped by Cory Schneider with a rebound.
6:19 of 3rd period - Slapshot by Nazem Kadri.
6:19 of 3rd period - Shot Hit the Post.
6:21 of 3rd period - Slapshot by Kristopher Letang.
6:21 of 3rd period - Deflect By Tyler Ennis.
6:21 of 3rd period - Shot Misses the Net.
6:21 of 3rd period - Puck is out of play.
6:22 of 3rd period - Nazem Kadri wins face-off versus Sergey Kalinin in Capitals zone.
6:51 of 3rd period - Snap shot by Tyler Ennis.
6:51 of 3rd period - Stopped by Cory Schneider without a rebound.
6:52 of 3rd period - Jonathan Huberdeau wins face-off versus Sergey Kalinin in Capitals zone.
7:57 of 3rd period - Penalty to Phil Kessel is over, Phil Kessel is back on ice.
8:07 of 3rd period - Snap shot by Logan Shaw.
8:07 of 3rd period - Stopped by Cory Schneider without a rebound.
8:08 of 3rd period - Anton Lander wins face-off versus Joe Colborne in Capitals zone.
8:11 of 3rd period - Wrist shot by Logan Shaw.
8:11 of 3rd period - Shot Misses the Net.
8:18 of 3rd period - Off-side.
8:19 of 3rd period - Nazem Kadri wins face-off versus Nicklas Backstrom in neutral zone.
8:48 of 3rd period - Icing by Brandon Carlo.
8:49 of 3rd period - Nazem Kadri wins face-off versus Joe Colborne in Devils zone.
9:35 of 3rd period - Wrist shot by Nazem Kadri.
9:35 of 3rd period - Goal by Nazem Kadri - Devils : 2 - Capitals : 1.
9:36 of 3rd period - Aleksander Barkov wins face-off versus Nicklas Backstrom in neutral zone.
9:43 of 3rd period - Snap shot by Jonathan Huberdeau.
9:43 of 3rd period - Shot Misses the Net.
10:08 of 3rd period - Slapshot by Shea Theodore.
10:08 of 3rd period - Shot Misses the Net.
10:10 of 3rd period - Slapshot by Shea Theodore.
10:10 of 3rd period - Shot Blocked by Brayden Point.
10:12 of 3rd period - Slapshot by Alexei Marchenko.
10:12 of 3rd period - Stopped by Maxime Daigneault without a rebound.
10:13 of 3rd period - Nicklas Backstrom wins face-off versus Brayden Point in Devils zone.
10:24 of 3rd period - Snap shot by Patrick Kane.
10:24 of 3rd period - Shot Misses the Net.
10:26 of 3rd period - Backhand shot by Taylor Hall.
10:26 of 3rd period - Stopped by Maxime Daigneault without a rebound.
10:27 of 3rd period - Nicklas Backstrom wins face-off versus Aleksander Barkov in Devils zone.
10:56 of 3rd period - Icing by Bobby Ryan.
10:57 of 3rd period - Blake Pietila wins face-off versus Nazem Kadri in Capitals zone.
11:04 of 3rd period - Slapshot by Alexei Marchenko.
11:04 of 3rd period - Shot Misses the Net.
11:10 of 3rd period - Blake Pietila is hit by Tyler Ennis and loses puck.
11:19 of 3rd period - Snap shot by Tyler Ennis.
11:19 of 3rd period - Shot Misses the Net.
11:21 of 3rd period - Wrist shot by Matt Donovan.
11:21 of 3rd period - Deflect By Bobby Ryan.
11:21 of 3rd period - Stopped by Cory Schneider without a rebound.
11:22 of 3rd period - Nicklas Backstrom wins face-off versus Nick Palmieri in Capitals zone.
12:05 of 3rd period - Matt Donovan is hit by Steve Downie and loses puck.
12:44 of 3rd period - Slapshot by Aleksander Barkov.
12:44 of 3rd period - Stopped by Cory Schneider with a rebound.
14:25 of 3rd period - Kristopher Letang is hit by Patrick Kane and loses puck.
14:36 of 3rd period - Slapshot by Anton Stralman.
14:36 of 3rd period - Stopped by Cory Schneider without a rebound.
14:37 of 3rd period - Cody Hodgson wins face-off versus Nazem Kadri in Capitals zone.
14:47 of 3rd period - Shea Theodore is hit by Marian Gaborik and loses puck.
14:56 of 3rd period - Shea Theodore is hit by Nazem Kadri.
15:07 of 3rd period - Off-side.
15:08 of 3rd period - Jason Pominville wins face-off versus Sergey Kalinin in neutral zone.
15:13 of 3rd period - Backhand shot by Eric Tangradi.
15:13 of 3rd period - Stopped by Cory Schneider without a rebound.
15:14 of 3rd period - Sergey Kalinin wins face-off versus Brayden Point in Capitals zone.
16:31 of 3rd period - Snap shot by Patrick Kane.
16:31 of 3rd period - Stopped by Maxime Daigneault without a rebound.
16:32 of 3rd period - Brayden Point wins face-off versus Sergey Kalinin in Devils zone.
16:47 of 3rd period - Eric Tangradi is hit by Jeff Skinner and loses puck.
16:58 of 3rd period - Jujhar Khaira is hit by Brandon Carlo and loses puck.
17:06 of 3rd period - Off-side.
17:07 of 3rd period - Nicklas Backstrom wins face-off versus Aleksander Barkov in neutral zone.
17:20 of 3rd period - Snap shot by Aleksander Barkov.
17:20 of 3rd period - Shot Misses the Net.
17:22 of 3rd period - Slapshot by Matt Donovan.
17:22 of 3rd period - Stopped by Cory Schneider without a rebound.
17:23 of 3rd period - Joe Colborne wins face-off versus Brayden Point in Capitals zone.
17:51 of 3rd period - Marian Gaborik is hit by Nicklas Backstrom and loses puck.
18:38 of 3rd period - Snap shot by Logan Shaw.
18:38 of 3rd period - Stopped by Cory Schneider without a rebound.
18:39 of 3rd period - Cody Hodgson wins face-off versus Anton Lander in Capitals zone.
19:09 of 3rd period - Capitals, Cory Schneider is pulled from the net.
19:19 of 3rd period - Snap shot by Bobby Ryan.
19:19 of 3rd period - Goal by Bobby Ryan - Devils : 2 - Capitals : 2.
19:19 of 3rd period - Cory Schneider from Capitals was sent back in the game.
19:20 of 3rd period - Brayden Point wins face-off versus Joe Colborne in neutral zone.
19:31 of 3rd period - Snap shot by Jujhar Khaira.
19:31 of 3rd period - Stopped by Maxime Daigneault without a rebound.
19:32 of 3rd period - Brayden Point wins face-off versus Joe Colborne in Devils zone.
Goals for this period are 1 for Devils vs 1 for Capitals.
Shots for this period are 16 for Devils vs 6 for Capitals.

Overtime #1


0:01 of 1st overtime period - Patrick Kane wins face-off versus Nazem Kadri in neutral zone.
0:10 of 1st overtime period - Snap shot by Taylor Hall.
0:10 of 1st overtime period - Shot Misses the Net.
2:05 of 1st overtime period - Patrick Kane is hit by Tyler Ennis and loses puck.
2:26 of 1st overtime period - Jeff Skinner is hit by Kristopher Letang and loses puck.
4:08 of 1st overtime period - Icing by Kristopher Letang.
4:09 of 1st overtime period - Patrick Kane wins face-off versus Brayden Point in Devils zone.
4:29 of 1st overtime period - Matt Donovan is hit by Shea Theodore and loses puck.
4:46 of 1st overtime period - Snap shot by Nicklas Backstrom.
4:46 of 1st overtime period - Shot Misses the Net.
Goals for this period are 0 for Devils vs 0 for Capitals.
Shots for this period are 0 for Devils vs 0 for Capitals.

ShootOut


5:00 of 1st overtime period - Round #1.
5:00 of 1st overtime period - Devils, Tyler Ennis.
5:00 of 1st overtime period - Deke by Tyler Ennis.
5:00 of 1st overtime period - Stopped by Cory Schneider.
5:00 of 1st overtime period - Capitals, Cody Hodgson.
5:00 of 1st overtime period - Backhand shot by Cody Hodgson.
5:00 of 1st overtime period - Shot Misses the Net.
5:00 of 1st overtime period - Round #2.
5:00 of 1st overtime period - Devils, Nazem Kadri.
5:00 of 1st overtime period - Deke by Nazem Kadri.
5:00 of 1st overtime period - Goal by Nazem Kadri.
5:00 of 1st overtime period - Capitals, Taylor Hall.
5:00 of 1st overtime period - Backhand shot by Taylor Hall.
5:00 of 1st overtime period - Stopped by Maxime Daigneault.
5:00 of 1st overtime period - Round #3.
5:00 of 1st overtime period - Devils, Nick Palmieri.
5:00 of 1st overtime period - Wrist shot by Nick Palmieri.
5:00 of 1st overtime period - Stopped by Cory Schneider.
5:00 of 1st overtime period - Capitals, Patrick Kane.
5:00 of 1st overtime period - Backhand shot by Patrick Kane.
5:00 of 1st overtime period - Shot Misses the Net.